 Dungeon Crawl Stone Soup version 0.29-a0-541-gaf1fc19f1b (webtiles) character file.

Game seed: 14064295211512126119

177 wakim the Cutter (level 5, -1/28 HPs)
             Began as a Kobold Enchanter on June 2, 2022.
             Slain by an orc wizard
             ... wielding a +0 dagger
              (2 damage)
             ... on level 3 of the Dungeon.
             The game lasted 00:09:42 (3530 turns).

wakim the Cutter (Kobold Enchanter)                 Turns: 3530, Time: 00:09:43

Health: -1/28      AC:  2    Str:  5    XL:     5   Next: 88%
Magic:  7/8        EV: 15    Int: 19    God:
Gold:   104        SH:  0    Dex: 15    Spells: 6/8 levels left

rFire   . . .      SeeInvis .   a - +1 dagger
rCold   + . .      Faith    .   (no shield)
rNeg    . . .      Spirit   .   N - +0 robe
rPois   .          Reflect  .   (no helmet)
rElec   .          Harm     .   (no cloak)
rCorr   .          Rampage  .   (no gloves)
Will    .....                   (no boots)
Stlth   ++++......              (no amulet)
HPRegen 0.09/turn               U - ring of protection from cold
MPRegen 0.11/turn               (no ring)

@: attractive, invisible
A: small, no large weapons, nightstalker 3
a: no special abilities


You were on level 3 of the Dungeon.
You visited 1 branch of the dungeon, and saw 3 of its levels.

You collected 104 gold pieces.

Inventory:

Hand Weapons
 a - a +1 dagger (weapon)
 b - a +1 hunting sling of freezing
Missiles
 T - 7 poisoned darts
Armour
 N - a +0 robe (worn)
Jewellery
 U - a ring of protection from cold (left hand)
Wands
 x - a wand of iceblast (6)
Scrolls
 J - 4 scrolls of identify {unknown}
 L - a scroll of teleportation {unknown}
 O - a scroll of vulnerability {unknown}
 P - a scroll of immolation {unknown}
 R - 2 scrolls of poison {unknown}
 S - a scroll of noise {unknown}
Potions
 B - a potion of attraction {!q}
 I - 2 potions of invisibility
 M - a potion of haste {unknown}
 Q - 2 potions of flight {unknown}


   Skills:
 * Level 4.8 Short Blades
 - Level 2.4 Dodging
 - Level 4.7 Stealth
 + Level 2.4 Spellcasting
 * Level 4.3 Hexes


You had 6 spell levels left.
You knew the following spells:

 Your Spells              Type           Power      Damage    Failure   Level
x - Ensorcelled Hibernat  Hex/Ice        20%        N/A       10%         2

Your spell library contained the following spells:

 Spells                   Type           Power      Damage    Failure   Level
 Confusing Touch          Hex            18%        N/A       9%          3
 Tukima's Dance           Hex            18%        N/A       9%          3
 Beastly Appendage        Tmut           4%         N/A       16%         1
 Dazzling Flash           Conj/Hex       20%        N/A       21%         3
 Sublimation of Blood     Necr           2%         N/A       24%         2
 Wereblood                Tmut           2%         N/A       24%         2
 Spider Form              Tmut/Pois      2%         N/A       43%         3
 Petrify                  Tmut/Erth      2%         N/A       85%         4
 Irradiate                Conj/Tmut      1%         3d13      99%         5


Dungeon Overview and Level Annotations

Branches:
Dungeon (3/15)

Altars:


Innate Abilities, Weirdness & Mutations

You are small and have problems with some larger weapons.
You are completely attuned to the shadows.


Message History

The orc looks drowsy...
The orc wizard casts a spell.
The orc wizard flickers and vanishes!
Deactivating autopickup; reactivate with Ctrl-A.
An orc wizard comes into view. It is wielding a +0 dagger.
You see here a bat corpse.
The helpless orc fails to defend itself.
You impale the orc!!
You kill the orc!
A magic dart appears from out of thin air!
The magic dart hits you. Something hits you.
Things that are here:
a +0 short sword; a +0 ring mail; 18/28 (-9)
The orc wizard shouts!
You hit something but do no damage.
An orc comes into view. It is wielding a +0 hand axe.
You hear some strange, mumbled words.
A magic dart appears from out of thin air!
The magic dart hits you!
* * * LOW HITPOINT WARNING * * *
9/28 (-9)
Something hits you.
* * * LOW HITPOINT WARNING * * *
You see here a bat corpse. 6/28 (-3)
Something hits you.
* * * LOW HITPOINT WARNING * * *
4/28 (-2) 5/28 (+1)
Something hits you.
* * * LOW HITPOINT WARNING * * *
It was a potion of attraction.
You feel attractive to monsters.
B - a potion of attraction The orc wizard is attracted toward you. 1/28 (-4)
You fade into invisibility!
Something hits you.
You die...

##.....# .#.....# .. .#.....#
######### #####..
)###...####.......##### #.)....
..))................... +...!..
.###...####.......##### #....#
.###...####.......#########....#
.....)..........@o..§†o..........
###########........######......$.
####### #####....# .......###..
#.....# #.#### .###.#.# ..
#.....# #. ..#... #.....# #
.#..... #.....# #.....# ##.....#


You could see an orc wizard (can't see you).

Vanquished Creatures
  Jessica (D:3)
  Ijyb (D:3)
  Natasha (D:2)
  4 gnolls (D:2)
  An adder (D:2)
  An orc (D:3)
  5 endoplasms
  4 giant cockroaches
  3 goblins
  6 hobgoblins
  A quokka (D:2)
  3 ball pythons
  8 bats
  5 frilled lizards
  4 kobolds
  9 rats
57 creatures vanquished.

Notes
Turn   | Place    | Note
-------+----------+-------------------------------------------
     0 | D:1      | wakim the Kobold Enchanter began the quest for the Orb.
     0 | D:1      | Reached XP level 1. HP: 10/10 MP: 3/3
   139 | D:1      | Reached XP level 2. HP: 9/15 MP: 5/5
   449 | D:1      | Found a faded altar of an unknown god.
   560 | D:1      | Reached XP level 3. HP: 16/19 MP: 6/6
  1697 | D:2      | Learned a level 2 spell: Ensorcelled Hibernation
  2154 | D:2      | Noticed Natasha
  2155 | D:2      | Killed Natasha
  2156 | D:2      | Reached XP level 4. HP: 24/24 MP: 7/7
  2473 | D:2      | Reached XP level 5. HP: 9/28 MP: 0/8
  3247 | D:3      | Noticed Jessica
  3251 | D:3      | Killed Jessica
  3258 | D:3      | Noticed Ijyb
  3294 | D:3      | Killed Ijyb
  3528 | D:3      | HP: 1/28 [something (4)]
  3530 | D:3      | Slain by an orc wizard

Illustrated notes

Levels and vault maps discovered:
D:1:      dpeg_arrival_prison, layout_basic, hellmonk_ecumenical_altar_lost_god,
          amethyst_killhole, minmay_crystal_room, serial_park_tiny_pond
D:2:      layout_rooms, item_on_display_a, uniq_natasha
D:3:      layout_basic, tgw_trog, nicolae_overflow_ecumenical_swirl,
          uniq_sigmund, uniq_ijyb, uniq_grinder, uniq_jessica

Skill      XL: |  1  2  3  4 |
---------------+-------------+-----
Short Blades   | 2 3 4 |  4.8
Hexes          | 4 |  4.3
Dodging        | |  2.4
Stealth        | |  4.7
Spellcasting   | |  2.4

Action                   |  1- 3 |  4- 6 || total
-------------------------+-------+-------++-------
Melee: Dagger            |    85 |    44 ||   129
       Punch             |     1 |       ||     1
 Fire: Hunting sling     |    15 |       ||    15
 Cast: Ensorcelled Hiber |     8 |    20 ||    28
  Use: Potion            |       |     2 ||     2
 Stab: Sleeping          |    17 |    11 ||    28
Armor: Robe              |    10 |    11 ||    21
Dodge: Dodged            |    60 |    54 ||   114

Table legend: (Time is in decaauts)
 A = Elapsed time spent in this place.
 B = Non-inter-level travel time spent in this place.
 C = Inter-level travel time spent in this place.
 D = Time resting spent in this place.
 E = Time spent auto-exploring this place.
 F = Levels seen in this place.
 G = Mean time per level.
                   A        B        C        D        E       F      G
               +--------+--------+--------+--------+--------+-----+--------+
         Total |   3511 |   3178 |    333 |    366 |   2192 |   3 | 1170.3 |
       Dungeon |   3511 |   3178 |    333 |    366 |   2192 |   3 | 1170.3 |
               +--------+--------+--------+--------+--------+-----+--------+

Top non-repeatable levels by time:
     D:1: 1597 daAuts
     D:2: 1534 daAuts
     D:3: 380 daAuts
